 Dungeon Crawl Stone Soup version 0.22.1-2-g9c5b331 (webtiles) character file.

65 SpImRoXx the Cudgeler (level 3, 0/36 HPs)
             Began as a Troll Berserker on Nov 13, 2018.
             Was a Believer of Trog.
             Splashed by a jelly's acid (7 damage)
             ... on level 2 of the Dungeon.
             The game lasted 00:06:26 (1417 turns).

SpImRoXx the Cudgeler (Troll Berserker)             Turns: 1417, Time: 00:06:27

Health: 0/36       AC:  5    Str: 25    XL:     3   Next: 92%
Magic:  2/2        EV: 10    Int:  4    God:    Trog [**....]
Gold:   68         SH:  0    Dex:  9    Spells: 2/2 levels left

rFire    . . .     SeeInvis +   a - +0 mace
rCold    . . .     Gourm    +   (no shield)
rNeg     . . .     Faith    .   b - +0 animal skin
rPois    .         Spirit   .   (helmet restricted)
rElec    .         Reflect  .   (no cloak)
rCorr    .         Harm     .   (gloves unavailable)
MR       .....                  (boots unavailable)
Stlth    +.........             (no amulet)
HPRegen  0.52/turn              j - ring of see invisible
MPRegen  0.08/turn              m - ring of flight

@: no status effects
A: large, unfitting armour, claws 3, fast metabolism 3, gourmand, regeneration
1, shaggy fur 1, tough skin 2
a: Berserk, Trog's Hand, Renounce Religion, Evoke Flight


You were on level 2 of the Dungeon.
You worshipped Trog.
Trog was pleased with you.
You were very full.

You visited 1 branch of the dungeon, and saw 3 of its levels.

You collected 68 gold pieces.

Inventory:

Hand Weapons
 a - a +0 mace (weapon)
Armour
 b - a +0 animal skin (worn)
Jewellery
 j - a ring of see invisible (left claw)
 m - a ring of flight (right claw)
Scrolls
 d - 2 scrolls of identify {unknown}
 f - 3 scrolls of random uselessness {unknown}
 g - a scroll of enchant weapon {unknown}
 i - 2 scrolls of teleportation {unknown}
Potions
 e - 3 potions of curing {unknown}
 h - a potion of mutation {unknown}
 k - a potion of heal wounds {unknown}
 n - a potion of brilliance {unknown}
Comestibles
 c - 5 rations


   Skills:
 + Level 2.9 Fighting
 * Level 3.6 Maces & Flails
 - Level 2.8 Dodging


You had 2 spell levels left.
You didn't know any spells.
Your spell library was empty.

Dungeon Overview and Level Annotations

Branches:
Dungeon (3/15)

Altars:


Innate Abilities, Weirdness & Mutations

You are too large for most types of armour.
You have claws for hands.
Your metabolism is lightning-fast.
You like to eat raw meat.
Your natural rate of healing is unusually fast.
You are covered in fur. (AC +1)
You have very tough skin. (AC +2)


Message History

There is a stone staircase leading up here.
The jelly hits you.
You are splashed with acid!
The acid burns!
* * * LOW HITPOINT WARNING * * *
You climb upwards.
You are no longer corroded.
The ooze closely misses you.
There is a stone staircase leading down here.
Unknown command.
You can't go up here!
You hit the ooze.
The ooze is heavily wounded.
The ooze barely misses you. The jelly hits you but does no damage.
You thump the ooze!
You kill the ooze!
Trog accepts your kill. The jelly barely misses you. The jelly hits you.
* * * LOW HITPOINT WARNING * * *
You are splashed with acid!
The acid burns!
You die...

...##.######## ..###.# .##
#.# .####.# รท.....#
.###### #.### .# #.... .#
######### ##### .#
#......@# .# #.#####J#
.#########.#####J# ##
.#............##.#########
#.
...#######.##.##.........#
#. ..## #.##.##..######.#
#. .(.# #........##...#.#
#. ..##
####.###.#......#######.
.## #.# #.#..............


You could see a jelly and an ooze.

Vanquished Creatures
  3 oozes (D:2)
  A worm (D:2)
  A dart slug (D:1)
  2 leopard geckos (D:2)
  3 giant cockroaches
  7 goblins
  4 hobgoblins
  2 jackals (D:1)
  2 ball pythons
  A bat (D:1)
  12 kobolds
  4 rats
42 creatures vanquished.

Vanquished Creatures (others)
  A fungus (D:2)
  6 toadstools (D:2)
7 creatures vanquished.

Grand Total: 49 creatures vanquished

Notes
Turn   | Place    | Note
-------+----------+-------------------------------------------
     0 | D:1      | SpImRoXx the Troll Berserker began the quest for the Orb.
     0 | D:1      | Reached XP level 1. HP: 22/22 MP: 0/0
   372 | D:1      | Reached XP level 2. HP: 25/29 MP: 1/1
   397 | D:1      | Reached skill level 3 in Maces & Flails
   931 | D:2      | Reached XP level 3. HP: 13/36 MP: 2/2
  1144 | D:2      | Reached ** piety under Trog
  1417 | D:2      | Splashed by a jelly's acid

Skill      XL: |  1  2 |
---------------+-------+-----
Maces & Flails | 3 |  3.6
Fighting       | |  2.9
Dodging        | |  2.8

Action                   || total
-------------------------++-------
Melee: Mace              ||   127
Invok: Berserk           ||     1
 Stab: Sleeping          ||     1
  Eat: Chunk             ||    19
Armor: Animal skin       ||    44
Dodge: Dodged            ||    65
